 Dungeon Crawl Stone Soup version 0.22.1-2-g9c5b331383 (webtiles) character file.

24868 Peloso the Fencer (level 12, -27/108 HPs)
             Began as a Minotaur Fighter on Dec 17, 2018.
             Was the Champion of Okawaru.
             Annihilated by a white ugly thing (32 damage)
             ... on level 13 of the Dungeon.
             The game lasted 00:41:01 (13013 turns).

Peloso the Fencer (Minotaur Fighter)               Turns: 13013, Time: 00:41:01

Health: -27/108    AC:  0    Str: 23    XL:     12   Next: 84%
Magic:  11/11      EV: 16    Int:  5    God:    Okawaru [******]
Gold:   320        SH:  0    Dex: 13    Spells: 11/11 levels left

rFire    . . .     SeeInvis .   (weapon currently unavailable)
rCold    . . .     Gourm    .   (shield currently unavailable)
rNeg     . . .     Faith    .   (armour currently unavailable)
rPois    .         Spirit   .   (helmet currently unavailable)
rElec    .         Reflect  .   (cloak currently unavailable)
rCorr    .         Harm     .   (gloves currently unavailable)
MR       .....                  (boots currently unavailable)
Stlth    ++........             z - amulet of magic regeneration
HPRegen  0.28/turn              (ring currently unavailable)
MPRegen  0.37/turn              (ring currently unavailable)

@: pig-form, very slightly contaminated, slowed
A: small, (retaliatory headbutt)
a: Heroism, Finesse, Renounce Religion


You were on level 13 of the Dungeon.
You worshipped Okawaru.
Okawaru was exalted by your worship.
You were not hungry.
You were a filthy swine.
You visited 3 branches of the dungeon, and saw 16 of its levels.
You also visited: Bailey.

You collected 1387 gold pieces.
You spent 1067 gold pieces at shops.

Inventory:

Hand Weapons
 a - a +4 scimitar of freezing (melded)
 b - a +3 long sword
 v - the +7 whip "Razedaq" {slash, -Tele rF++ MR+}
   (You found it on level 6 of the Dungeon)

   It inflicts extra damage upon your enemies.
   It greatly protects you from fire.
   It affects your resistance to hostile enchantments.
   It prevents most forms of teleportation.
 R - a +0 demon trident
 V - the +2 morningstar of Inference {flame, MR+ Stlth+}
   (You found it on level 12 of the Dungeon)

   It has been specially enchanted to burn those struck by it, causing extra
   injury to most foes and up to half again as much damage against particularly
   susceptible opponents.
   It affects your resistance to hostile enchantments.
   It makes you more stealthy.
Armour
 c - a +0 shield (melded)
 k - a +1 cloak (melded)
 o - the +15 plate armour of the Shore (melded) {rCorr}
   (You found it on level 9 of the Dungeon)

   It provides partial protection from all sources of acid and corrosion.
 A - a +0 pair of boots (melded)
 B - a +1 hat (melded)
 G - the +4 scale mail of Zupsilac {rPois Str+2, unknown}
   (You took it off an orc on level 3 of the Dungeon)

   It affects your strength (+2).
   It protects you from poison.
 K - a +2 crystal plate armour
 S - a scarf of spirit shield
 T - the +0 plate armour of Honour {rC+++ Dex+3 Slay-4}
   (You bought it in a shop on level 8 of the Dungeon)

   It affects your dexterity (+3).
   It affects your accuracy and damage with ranged weapons and melee attacks
   (-4).
   It renders you almost immune to cold.
 U - the +2 pair of gloves of the Nexus (melded) {-Tele Str+8 Int-2 Dex+3}
   (You bought it in a shop on level 8 of the Dungeon)

   It affects your strength (+8).
   It affects your intelligence (-2).
   It affects your dexterity (+3).
   It prevents most forms of teleportation.
Jewellery
 t - a +4 ring of strength (melded)
 z - an amulet of magic regeneration (around neck)
 C - an uncursed ring of wizardry
 F - an uncursed amulet of guardian spirit {unknown}
 N - a +4 ring of intelligence (melded)
 P - a +6 ring of slaying {unknown}
Wands
 u - a wand of iceblast (13)
 x - a wand of flame (27)
Scrolls
 e - 2 scrolls of amnesia
 g - 2 scrolls of blinking
 p - a scroll of magic mapping
 q - 2 scrolls of enchant armour {unknown}
 w - a scroll of immolation {unknown}
 y - a scroll of teleportation {unknown}
 E - 3 scrolls of enchant weapon
 L - a scroll of fog {unknown}
 Q - a scroll of random uselessness {unknown}
Potions
 d - 5 potions of might
 i - 4 potions of berserk rage
 j - 6 potions of magic
 l - 7 potions of heal wounds
 m - a potion of resistance
 n - 5 potions of curing
 r - a potion of brilliance
 s - 4 potions of ambrosia
 D - 2 potions of haste
 H - 5 potions of mutation {unknown}
 I - a potion of experience {unknown}
 O - a potion of cancellation {unknown}
Comestibles
 f - 21 rations
 h - 2 chunks of flesh


   Skills:
 + Level 10.9 Fighting
 + Level 15.0 Long Blades
 + Level 10.5 Armour
 + Level 4.3 Dodging
 + Level 1.5 Stealth
 + Level 14.3 Shields
 + Level 1.0 Evocations


You had 11 spell levels left.
You didn't know any spells.
Your spell library contained the following spells:

 Spells                   Type           Power        Failure   Level  Hunger
 Shock                    Conj/Air       #...         47%         1    ##.....
 Swiftness                Chrm/Air       #.......     63%         2    ###....
 Static Discharge         Conj/Air       #.......     85%         3    ####...
 Airstrike                Air            #.........   99%         4    #####..
 Lightning Bolt           Conj/Air       #.........   100%        5    ######.


Dungeon Overview and Level Annotations

Branches:
Dungeon (13/15)            Temple (1/1) D:6            Lair (0/6) D:9
    Orc (2/2) D:11            Elf (0/3) Orc:2
 Vaults: D:13-14

Altars:
Elyvilon
Kikubaaqudgha
Makhleb
Okawaru
Qazlal
Sif Muna
Uskayaw
The Shining One
Beogh

Shops:
D:6 :   D:7 *   D:8 [   Orc:2 :!

Annotations:
D:12 Kirke


Innate Abilities, Weirdness & Mutations

((You reflexively headbutt those who attack you in melee.))
((You have a pair of horns on your head.))


Message History

As you read the scroll of blinking, it crumbles to dust.
A killer bee, 3 kobolds and a kobold demonologist come into view.
The kobold demonologist shouts!
The kobold shouts! x2
The killer bee buzzes angrily.
You hear an angry buzzing noise.
A kobold comes into view. It is wielding a dagger.
The kobold demonologist casts a cantrip, but nothing happens.
The kobold unwields an uncursed whip.
The kobold wields a blowgun.
The kobold shoots a poisoned needle.
The poisoned needle misses you.
The kobold shouts!
You hear a shout!
A killer bee comes into view.
Blink to where?
Press: ? - help, Dir - move target cursor
As you read the scroll of blinking, it crumbles to dust.
The white ugly thing closely misses you.
The green ugly thing basks in the mutagenic energy from its kin and changes!
The white ugly thing kicks you!
* * * LOW HITPOINT WARNING * * *
The white ugly thing freezes you!!
You die...

.... #######
u... #.....#
....
#..?..######....
#...........#
#......uh...#
#......uy...#
#)......<...#
#....lD.....+
#.....!.....#
#.......##+##
#.......#
#..(....#
#.......+


You could see a six-headed hydra, 2 ugly things, an iguana and a killer bee.

Vanquished Creatures
  Snorg (D:11)
  An ettin (Orc:1)
  2 two-headed ogres
  3 slime creatures (D:12)
  An unseen horror (D:11)
  4 orc knights
  An orc sorcerer (Orc:2)
  2 ugly things (D:11)
  3 manticores
  Maurice (D:11)
  A cyclops (D:10)
  A gargoyle (D:10)
  An ice devil (Orc:2)
  The ghost of antary the Digger, a novice GrEE of Vehumet (D:3)
  A red devil (Orc:2)
  3 trolls
  4 hippogriffs
  Sigmund (D:6)
  13 yaks
  A basilisk (D:9)
  2 hogs (D:12)
  3 wargs (Orc:1)
  An acid dragon (D:11)
  3 porcupines (D:9)
  17 orc warriors
  4 ice beasts
  2 black bears
  A sky beast (D:7)
  2 phantoms
  16 ogres
  5 centaurs
  3 crocodiles (D:9)
  2 big kobolds
  3 gnoll sergeants
  11 bullfrogs
  3 scorpions
  13 wights
  A howler monkey (D:4)
  6 crimson imps
  2 quasits
  2 centaur zombies
  A jelly (D:6)
  10 hounds
  3 centaur skeletons
  17 orc priests
  35 orc wizards
  4 iguanas
  Jessica (D:2)
  Terence (D:2)
  9 worker ants
  A hound skeleton (D:11)
  23 gnolls
  16 adders
  2 shadow imps
  An ooze (D:3)
  An adder zombie (D:7)
  An adder skeleton (D:8)
  A worm (D:2)
  4 leopard geckos
  83 orcs
  9 giant cockroaches
  10 goblins
  19 hobgoblins
  5 jackals
  26 kobolds
  4 quokkas
  4 ball pythons
  9 bats
  8 frilled lizards
  3 goblin zombies (D:9)
  2 hobgoblin zombies (D:9)
  A jackal skeleton (D:4)
  3 kobold skeletons (D:9)
  2 kobold zombies (D:9)
  A leopard gecko skeleton (D:7)
  A leopard gecko zombie (D:5)
  2 orc zombies (D:9)
  A quokka skeleton (D:4)
  A quokka zombie (D:5)
  5 rats
478 creatures vanquished.

Notes
Turn   | Place    | Note
-------+----------+-------------------------------------------
     0 | D:1      | Peloso the Minotaur Fighter began the quest for the Orb.
     0 | D:1      | Reached XP level 1. HP: 19/19 MP: 0/0
    91 | D:1      | Reached XP level 2. HP: 15/27 MP: 1/1
   483 | D:1      | Reached XP level 3. HP: 27/33 MP: 2/2
   636 | D:1      | You fall through a shaft!
   809 | D:2      | Noticed Terence
   823 | D:2      | Killed Terence
   823 | D:2      | Reached skill level 3 in Long Blades
   823 | D:2      | Reached XP level 4. HP: 37/40 MP: 3/3
   927 | D:2      | Noticed Jessica
   942 | D:2      | Killed Jessica
   942 | D:2      | Reached skill level 4 in Long Blades
  1081 | D:2      | Found a hide-covered altar of Uskayaw.
  1086 | D:2      | Reached XP level 5. HP: 37/46 MP: 4/4
  1290 | D:2      | Noticed a dagger
  1291 | D:2      | Noticed a hand axe
  1863 | D:3      | Noticed antary's ghost (novice GrEE)
  1864 | D:3      | Found a runed gate.
  1864 | D:3      | Found a runed gate.
  1864 | D:3      | Found a runed gate.
  1865 | D:3      | Found a roughly hewn altar of Beogh.
  2354 | D:4      | Reached skill level 5 in Long Blades
  2452 | D:4      | Reached skill level 5 in Shields
  2461 | D:4      | Reached XP level 6. HP: 53/53 MP: 5/5
  2531 | D:4      | Reached skill level 1 in Dodging
  2610 | D:4      | Reached skill level 6 in Long Blades
  2737 | D:4      | Reached skill level 5 in Fighting
  3005 | D:4      | Reached XP level 7. HP: 61/61 MP: 6/6
  3010 | D:4      | Reached skill level 5 in Armour
  3183 | D:5      | Entered Level 5 of the Dungeon
  3300 | D:5      | Reached skill level 7 in Long Blades
  3547 | D:5      | Found a burning altar of Makhleb.
  3692 | D:5      | Reached XP level 8. HP: 70/70 MP: 7/7
  4026 | D:6      | Got a crystal whip
  4027 | D:6      | Identified the +7 whip "Razedaq" {slash, -Tele rF++ MR+}
                  | (You found it on level 6 of the Dungeon)
  4044 | D:6      | Found a staircase to the Ecumenical Temple.
  4053 | Temple   | Entered the Ecumenical Temple
  4070 | Temple   | Became a worshipper of Warmaster Okawaru
  4141 | D:6      | Noticed a manticore
  4152 | D:6      | Killed a manticore
  4152 | D:6      | Reached * piety under Okawaru
  4152 | D:6      | Reached skill level 8 in Long Blades
  4693 | D:6      | Reached skill level 9 in Long Blades
  4709 | D:6      | Found Giunytax's Book Shoppe.
  4725 | D:6      | Reached XP level 9. HP: 68/78 MP: 8/8
  4776 | D:6      | Reached ** piety under Okawaru
  4817 | D:6      | Noticed Sigmund
  4832 | D:6      | Killed Sigmund
  5275 | D:6      | Reached skill level 1 in Stealth
  5629 | D:7      | Reached skill level 10 in Long Blades
  5707 | D:7      | Reached *** piety under Okawaru
  6153 | D:7      | Reached XP level 10. HP: 71/86 MP: 9/9
  6313 | D:7      | Found Desekeoq's General Store.
  6321 | D:7      | Bought a potion of heal wounds for 65 gold pieces
  6321 | D:7      | Bought a scroll of remove curse for 39 gold pieces
  6619 | D:8      | Found Sotiffoh's Antique Armour Shoppe.
  6678 | D:8      | Reached **** piety under Okawaru
  6725 | D:8      | Reached skill level 11 in Long Blades
  6726 | D:8      | Found a stormy altar of Qazlal.
  7179 | D:9      | Found a glowing golden altar of the Shining One.
  7232 | D:9      | Got a heavily runed plate armour
  7238 | D:9      | Identified the +15 plate armour of the Shore {rCorr} (You
                  | found it on level 9 of the Dungeon)
  7332 | D:9      | Reached ***** piety under Okawaru
  7333 | D:9      | Found a staircase to the Lair.
  7335 | D:9      | Reached skill level 10 in Shields
  7360 | D:9      | Reached skill level 12 in Long Blades
  7424 | D:9      | Noticed a two-headed ogre
  7433 | D:9      | Killed a two-headed ogre
  7681 | D:9      | Received a gift from Okawaru
  7686 | D:9      | Reached XP level 11. HP: 90/95 MP: 10/10
  7698 | D:9      | Found a white marble altar of Elyvilon.
  8396 | D:3      | Killed antary's ghost
  8396 | D:3      | Reached skill level 13 in Long Blades
  8409 | D:3      | Got a pitted scale mail
  8561 | D:10     | Entered Level 10 of the Dungeon
  8725 | D:10     | Noticed a two-headed ogre
  8734 | D:10     | Killed a two-headed ogre
  8942 | D:10     | Found a deep blue altar of Sif Muna.
  9232 | D:11     | Noticed Snorg
  9246 | D:11     | Killed Snorg
  9252 | D:11     | Reached skill level 14 in Long Blades
  9264 | D:11     | Noticed a purple ugly thing
  9264 | D:11     | Noticed a red ugly thing
  9274 | D:11     | Killed a purple ugly thing
  9282 | D:11     | Killed a red ugly thing
  9312 | D:11     | Killed an unseen horror
  9360 | D:11     | Noticed Maurice
  9368 | D:11     | Killed Maurice
  9368 | D:11     | Reached ****** piety under Okawaru
  9368 | D:11     | Reached skill level 1 in Evocations
  9441 | D:11     | Received a gift from Okawaru
  9647 | D:11     | Reached XP level 12. HP: 104/106 MP: 11/11
  9984 | D:11     | Found a staircase to the Orcish Mines.
 10115 | Orc:1    | Entered Level 1 of the Orcish Mines
 10135 | Orc:1    | Reached skill level 10 in Fighting
 10279 | Orc:2    | Entered Level 2 of the Orcish Mines
 10279 | Orc:2    | Found Oheahol's Book Boutique.
 10279 | Orc:2    | Found a staircase to the Elven Halls.
 10304 | Orc:2    | Noticed an ettin
 10337 | Orc:1    | Killed an ettin
 10337 | Orc:1    | Reached skill level 10 in Armour
 11479 | Orc:2    | Found Neaji's Distillery.
 11890 | Orc:1    | Received a gift from Okawaru
 12263 | D:7      | Bought a scroll of identify for 26 gold pieces
 12337 | D:8      | Bought a black opal-encrusted plate armour for 700 gold
                  | pieces
 12337 | D:8      | Bought a pair of polished gloves for 237 gold pieces
 12346 | D:8      | Identified the +2 pair of gloves of the Nexus {-Tele Str+8
                  | Int-2 Dex+3} (You bought it in a shop on level 8 of the
                  | Dungeon)
 12356 | D:8      | Identified the cursed +0 plate armour of Honour {rC+++
                  | Dex+3 Slay-4} (You bought it in a shop on level 8 of the
                  | Dungeon)
 12459 | D:12     | Got an ivory morningstar
 12460 | D:12     | Identified the cursed +2 morningstar of Inference {flame,
                  | MR+ Stlth+} (You found it on level 12 of the Dungeon)
 12503 | D:12     | Found a flagged portal.
 12543 | Bailey   | Entered a bailey
 12940 | D:12     | Reached skill level 15 in Long Blades
 12972 | D:12     | Noticed Kirke
 13002 | D:13     | Noticed a six-headed hydra
 13013 | D:13     | HP: 5/108 [white ugly thing (16)]
 13013 | D:13     | Annihilated by a white ugly thing

Skill      XL: |  1  2  3  4  5  6  7  8  9 10 11 12 |
---------------+-------------------------------------+-----
Shields        | 4 5 6 7 9 10 12 14 | 14.3
Fighting       | 4 5 6 7 8 9 10 | 10.9
Armour         | 4 5 6 8 9 10 | 10.5
Long Blades    | 3 4 5 6 7 9 10 12 14 15 | 15.0
Dodging        | 1 2 3 4 |  4.3
Stealth        | 1 |  1.5
Evocations     | 1 |  1.0

Action                   |  1- 3 |  4- 6 |  7- 9 | 10-12 || total
-------------------------+-------+-------+-------+-------++-------
Melee: Long sword        |    75 |   159 |   233 |       ||   467
       Headbutt          |    14 |    19 |    83 |   181 ||   297
       Whip              |       |       |     2 |       ||     2
       Scimitar          |       |       |    88 |   736 ||   824
       Unarmed           |       |       |       |     2 ||     2
Evoke: Wand              |       |       |       |     3 ||     3
  Use: Scroll            |       |     3 |     8 |    11 ||    22
  Eat: Chunk             |       |     7 |     6 |    20 ||    33
       Ration            |       |       |     1 |     1 ||     2
Armor: Scale mail        |    40 |    58 |     5 |       ||   103
       Chain mail        |       |       |   129 |    28 ||   157
       Plate armour      |       |       |       |   356 ||   356
Dodge: Dodged            |    41 |    48 |    69 |   235 ||   393
Block: Shield            |    56 |    84 |   179 |   532 ||   851
       Rpst.: Long sword |     4 |    19 |    15 |       ||    38
       Scimitar          |       |       |     5 |    50 ||    55
